 Dungeon Crawl Stone Soup version 0.25-a0-189-gf71692c (webtiles) character file.

Game seed: 2321521609419800308, levelgen mode: deterministic

3411 DrEnzyme the Magician (level 10, 0/76 HPs)
             Began as a Formicid Wanderer on Nov 27, 2019.
             Was a Follower of Ru.
             Slain by a fire elemental (9 damage)
             ... summoned by a deep elf mage
             ... on level 9 of the Dungeon on Nov 29, 2019.
             The game lasted 00:54:36 (15435 turns).

DrEnzyme the Magician (Formicid Wanderer)          Turns: 15435, Time: 00:54:36

Health: 0/76       AC:  6    Str: 18    XL:     10   Next: 25%
Magic:  23/29      EV: 12    Int: 13    God:    Ru [*.....]
Gold:   277        SH:  0    Dex: 13    Spells: 8/22 levels left

rFire    . . .     SeeInvis +   a - +0 mace
rCold    . . .     Gourm    .   (no shield)
rNeg     . . .     Faith    .   C - +3 leather armour
rPois    .         Spirit   .   (helmet unavailable)
rElec    .         Reflect  .   (no cloak)
rCorr    .         Harm     .   (no gloves)
MR       ++...                  (no boots)
Stlth    ++++......             (no amulet)
HPRegen  0.22/turn              l - ring of protection from magic
MPRegen  0.21/turn              j - ring of magical power

@: very slightly contaminated, lightly drained
A: permanent stasis, dig shafts and tunnels, four strong arms, antennae 3,
camouflage 1, agile 1, hated by all, MP-powered wands
a: Dig, Shaft Self, Renounce Religion


You were on level 9 of the Dungeon.
You worshipped Ru.
Ru was aware of your devotion.
You were not hungry.

You visited 2 branches of the dungeon, and saw 11 of its levels.

You collected 636 gold pieces.
You spent 359 gold pieces at shops.

Inventory:

Hand Weapons
 a - a +0 mace (weapon)
 o - a +1 dagger of flaming
 s - a +1 shortbow of flaming
Missiles
 v - 19 poisoned darts (quivered)
Armour
 d - a +0 robe
 C - a +3 leather armour (worn)
 D - a +0 ring mail
Jewellery
 j - a ring of magical power (right hand)
 l - a ring of protection from magic (left hand)
Wands
 B - a wand of flame (37)
Scrolls
 g - 2 scrolls of magic mapping
 h - 5 scrolls of amnesia
 m - 3 scrolls of remove curse
 n - a scroll of immolation {unknown}
 r - a scroll of noise {unknown}
 w - 2 scrolls of fear
 y - a scroll of enchant weapon {unknown}
Potions
 b - 3 potions of brilliance
 c - a potion of lignification
 e - 2 potions of magic
 i - a potion of degeneration {unknown}
 k - 3 potions of mutation
 p - 2 potions of berserk rage {unknown}
 q - 2 potions of might
 t - a potion of heal wounds
 u - 6 potions of curing
 x - 3 potions of cancellation
 z - 3 potions of flight {unknown}
 E - a potion of agility {unknown}
Comestibles
 f - 16 rations


   Skills:
 * Level 5.8(5.5) Fighting
 + Level 5.2(4.9) Maces & Flails
 + Level 0.4(0.2) Throwing
 * Level 4.5(4.2) Armour
 + Level 2.0(1.7) Dodging
 * Level 5.1(4.8) Stealth
   Level 1.2(0.9) Shields
 * Level 6.9(6.5) Spellcasting
 * Level 4.4(4.1) Hexes
 - Level 4.1(3.8) Charms
 + Level 0.1(0.0) Necromancy
 + Level 0.1(0.0) Translocations
 - Level 2.7(2.5) Transmutations
 * Level 6.5(6.2) Poison Magic
 + Level 1.1(0.8) Evocations


You had 8 spell levels left.
You knew the following spells:

 Your Spells              Type           Power        Failure   Level  Hunger
a - Sting                 Conj/Pois      ##..         5%          1    None
b - Ignite Poison         Fire/Tmut/Pois ##......     17%         3    ###....
c - Regeneration          Chrm/Necr      #.........   26%         3    ###....
d - Confusing Touch       Hex            ###...       3%          1    None
e - Infusion              Chrm           ##..         4%          1    None
f - Shroud of Golubria    Chrm/Tloc      #.....       13%         2    #......
g - Spectral Weapon       Hex/Chrm       ##......     11%         3    ###....

Your spell library contained the following spells:

 Spells                   Type           Power        Failure   Level  Hunger
 Song of Slaying          Chrm           ##......     6%          2    #......
 Confuse                  Hex            ###.....     11%         3    ###....
 Flame Tongue             Conj/Fire      #....        19%         1    None
 Inner Flame              Hex/Fire       #.......     24%         3    ###....
 Throw Flame              Conj/Fire      #.....       28%         2    #......
 Conjure Flame            Conj/Fire      #.......     50%         3    ###....
 Gell's Gravitas          Tloc           #.........   50%         3    ###....
 Petrify                  Tmut/Erth      #.......     75%         4    ####...
 Yara's Violent Unravell  Hex/Tmut       ##........   80%         5    ######.
 Sticky Flame             Conj/Fire      #.......     88%         4    ####...
 Metabolic Englaciation   Hex/Ice        #.........   92%         5    ######.
 Fireball                 Conj/Fire      #.........   99%         5    ######.


Dungeon Overview and Level Annotations

Branches:
Dungeon (10/15)            Temple (1/1) D:4            Lair (0/6) D:8
    Orc: D:9-12

Altars:
Ashenzari
Elyvilon
Fedhas
Gozag
Hepliaklqana
Kikubaaqudgha
Nemelex Xobeh
Okawaru
Qazlal
Ru
Sif Muna
Trog
Uskayaw
Vehumet
Wu Jian
Xom
Yredelemnul
Zin
The Shining One

Shops:
D:8 *   D:9 (

Annotations:
D:5 exclusion: ogre
D:7 exclusions: orc priest and 3 more exclusions
D:8 exclusion: sensed monster (detected)
D:10 Erolcha


Innate Abilities, Weirdness & Mutations

You cannot be hasted, slowed, berserked, paralysed or teleported.
You can dig through walls and to a lower floor.
Your four strong arms can wield two-handed weapons with a shield.
You have a pair of large antennae on your head. (SInv)
You are hated by all.
Your skin changes colour to match your surroundings (Stealth+).
You are agile. (Dex +2)
You expend magic power (3 MP) to strengthen your wands.


Message History

Casting: Confusing Touch (safe; 3% risk of failure)
Confirm with . or Enter, or press ? or * to list all spells.
Your hands begin to glow red.
The fire elemental hits you. The fire elemental burns you!
You hit the deep elf mage but do no damage.
The deep elf mage appears confused.
The fire elemental completely misses you.
The deep elf mage closely misses you. The fire elemental barely misses you.
The fire elemental closely misses you. The fire elemental hits you.
The fire elemental burns you! The fire elemental hits you.
The fire elemental burns you!
* * * LOW HITPOINT WARNING * * *
The fire elemental barely misses you.
The deep elf mage seems less confused.
The fire elemental hits you. The fire elemental burns you!
* * * LOW HITPOINT WARNING * * *
The fire elemental hits you.
* * * LOW HITPOINT WARNING * * *
The fire elemental burns you!
You die...

.<.# #..# #::'..'[[# #.........
...#####..# ###÷'### #.........
..........####..)...####...######
..........##.'.☼..☼.'.##...#....#
.##'####..####..e...####...#.....
.#.....#..####☼°....####...#.....
.#.....#..##.'.☼○.☼.'.##...#.....
.#.....#..####..EE..####...#.....
.#.....#..######@'######...#.....
.#<....#...................#.....
.#.....#...................######
.#.....#..#........#.............
.#.....#..#......).#.............
.#.....#..#.?......'......#######
.#.....#.[###....###......# #
.##....#....#....#∩.......# #
..#....##...#....#........# #


You could see a deep elf mage and 2 fire elementals.

Vanquished Creatures
  A deep elf mage (D:9)
  2 hippogriffs (D:9)
  A soldier ant (D:10)
  A swamp drake (D:9)
  An ice beast (D:8)
  A black bear (D:9)
  2 ogres
  A phantom (D:5)
  A necrophage (D:9)
  8 centaurs
  2 bullfrogs
  2 scorpions
  A howler monkey (D:9)
  4 crimson imps
  A quasit (D:8)
  A bullfrog zombie (D:7)
  An iron imp (D:9)
  5 orc wizards
  A jelly (D:5)
  2 bullfrog skeletons
  A gnoll shaman (D:3)
  4 hounds
  Ijyb (D:3)
  2 iguanas
  2 worker ants
  A killer bee zombie (D:7)
  A hound zombie (D:4)
  4 gnolls
  6 adders
  4 shadow imps
  A white imp (D:9)
  An ooze (D:3)
  2 adder skeletons
  6 worms
  A dart slug (D:1)
  7 leopard geckos
  29 orcs
  8 bats
  2 giant cockroaches
  8 goblins
  11 hobgoblins
  10 jackals
  6 kobolds
  2 quokkas (D:9)
  8 frilled lizards
  A jackal zombie (D:5)
  7 rats
  2 rat zombies (D:2)
177 creatures vanquished.

Vanquished Creatures (others)
  A jelly (D:6)
1 creature vanquished.

Grand Total: 178 creatures vanquished

Notes
Turn   | Place    | Note
-------+----------+-------------------------------------------
     0 | D:1      | DrEnzyme the Formicid Wanderer began the quest for the Orb.
     0 | D:1      | DrEnzyme set off with the following items: a +0 mace, a +0
                  | robe, a ration; and the following spells available to
                  | memorise: Infusion, Song of Slaying, Shroud of Golubria,
                  | Sting, Regeneration, Spectral Weapon, Ignite Poison
     0 | D:1      | Reached XP level 1. HP: 16/16 MP: 2/2
     2 | D:1      | Learned a level 1 spell: Sting
     4 | D:1      | Learned a level 1 spell: Infusion
   239 | D:1      | Reached XP level 2. HP: 16/22 MP: 0/3
   385 | D:1      | Reached skill level 1 in Stealth
   597 | D:1      | Reached skill level 1 in Poison Magic
   850 | D:1      | Reached XP level 3. HP: 28/28 MP: 0/4
  2264 | D:2      | Found an ancient bone altar of Kikubaaqudgha.
  2851 | D:2      | Reached XP level 4. HP: 27/35 MP: 1/6
  3756 | D:3      | Found a hide-covered altar of Uskayaw.
  3829 | D:3      | Reached skill level 1 in Armour
  3829 | D:3      | Reached XP level 5. HP: 19/41 MP: 1/8
  4083 | D:3      | Learned a level 3 spell: Ignite Poison
  4464 | D:3      | Found a shimmering blue altar of Sif Muna.
  4772 | D:3      | HP: 2/41 [gnoll/+0 spear (6)]
  5427 | D:3      | Reached XP level 6. HP: 36/47 MP: 2/10
  5499 | D:4      | Found Tyusell's Antique Weapon Boutique.
  5591 | D:4      | Noticed Ijyb
  6098 | D:4      | Found a staircase to the Ecumenical Temple.
  6104 | Temple   | Entered the Ecumenical Temple
  6220 | Temple   | Became a worshipper of Ru the Awakened
  6372 | D:3      | Killed Ijyb
  6559 | D:4      | HP: 3/70 [bullfrog skeleton (4)]
  7075 | D:5      | Entered Level 5 of the Dungeon
  7079 | D:5      | Reached skill level 1 in Transmutations
  7092 | D:4      | Learned a level 3 spell: Regeneration
  7157 | D:5      | Found a sparkling altar of Nemelex Xobeh.
  7260 | D:5      | Found a shimmering altar of Xom.
  7427 | D:5      | Found a glowing golden altar of the Shining One.
  7433 | D:5      | Learned a level 1 spell: Confusing Touch
  7448 | D:5      | Reached XP level 7. HP: 53/53 MP: 11/11
  7880 | D:5      | Found a basalt altar of Yredelemnul.
  8066 | D:5      | Gained mutation: You expend magic power (3 MP) to
                  | strengthen your wands. [potion of mutation]
  8066 | D:5      | Gained mutation: You are agile. (Dex +2) [potion of
                  | mutation]
  8066 | D:5      | Gained mutation: Your skin changes colour to match your
                  | surroundings (Stealth+). [potion of mutation]
  9053 | D:6      | Reached skill level 1 in Dodging
  9112 | D:6      | Reached skill level 1 in Hexes
  9116 | D:6      | Found an iron altar of Okawaru.
  9530 | D:6      | Reached XP level 8. HP: 33/60 MP: 13/13
  9992 | D:6      | Learned a level 1 spell: Infusion
 10006 | D:6      | Found a stormy altar of Qazlal.
 11261 | D:7      | Reached skill level 5 in Poison Magic
 11760 | D:8      | Found Zizun's Assorted Antiques.
 11810 | D:8      | Reached skill level 5 in Spellcasting
 11922 | D:8      | Bought a scroll of enchant armour for 187 gold pieces
 11922 | D:8      | Bought a potion of heal wounds for 125 gold pieces
 11922 | D:8      | Bought a scroll labeled KURUAG DOONIOL for 25 gold pieces
 11922 | D:8      | Bought a sedimented inky potion for 22 gold pieces
 12042 | D:8      | Reached XP level 9. HP: 66/66 MP: 16/16
 12061 | D:8      | Learned a level 2 spell: Shroud of Golubria
 12205 | D:8      | Gained mutation: You are hated by all. [Ru sacrifice]
 12205 | D:8      | Reached * piety under Ru
 12527 | D:8      | Found a hazy altar of Hepliaklqana.
 12654 | D:8      | Found a staircase to the Lair.
 13227 | D:9      | Found an ancient bone altar of Kikubaaqudgha.
 13283 | D:9      | Reached skill level 5 in Fighting
 13454 | D:9      | Learned a level 3 spell: Spectral Weapon
 13459 | D:9      | Noticed a hippogriff
 13472 | D:9      | Killed a hippogriff
 13534 | D:9      | Noticed a hippogriff
 13546 | D:9      | Killed a hippogriff
 14207 | D:10     | Entered Level 10 of the Dungeon
 14690 | D:9      | Upgraded the game from 0.25-a0-185-g6cfeca7 to
                  | 0.25-a0-189-gf71692c
 14842 | D:10     | Reached skill level 5 in Maces & Flails
 14881 | D:10     | Noticed Erolcha
 14898 | D:10     | Reached XP level 10. HP: 65/74 MP: 19/19
 15135 | D:9      | Found Feck's Weapon Shoppe.
 15400 | D:9      | Noticed a deep elf mage
 15425 | D:9      | Noticed a deep elf mage
 15425 | D:9      | Killed a deep elf mage
 15425 | D:9      | Reached skill level 5 in Stealth
 15435 | D:9      | Slain by a fire elemental

Levels and vault maps discovered:
D:1:      zelgadis_glass_arrival_small, layout_loops_cross, minmay_domino_4
D:2:      layout_loops_corners, lemuel_zombie_altar_kikubaaqudgha,
          chequers_serial_rivers_micro_d
D:3:      layout_basic, old_standard_altar, nicolae_overflow_crystal_walls,
          first_ration
D:4:      layout_basic, minmay_temple_entry_enclosed_plants, serial_shops, shop,
          mrwooster_statue_mirror, uniq_ijyb
D:5:      layout_gridville, tso_metal_star, nemelex_xobeh_ov_fountains_minmay,
          yredelemnul_altar_generic, overflow_temple_1_default
D:6:      layout_rooms, okawaru_gym_becter, grunt_qazlal_clouds
D:7:      layout_basic, grunt_temple_overflow_cloverleaf, uniq_joseph
D:8:      layout_loops_ring, lemuel_round_altar, lair_entry_dummy, serial_shops,
          nicolae_shop_overgrown_old_shop, serial_bayou_pond_e, grunt_ogre_cave
D:9:      layout_irregular_city, basic_altar, serial_shops, shop, minivault_22,
          hangedman_minor_magic
D:10:     layout_loops_ring, uniq_erolcha
Temple:   kb_temple_of_zot

Skill      XL: |  1  2  3  4  5  6  7  8  9 10 |
---------------+-------------------------------+-----
Stealth        | 1 2 3 4 5 |  5.1
Poison Magic   | 1 2 3 4 5 6 |  6.5
Fighting       | 3 4 5 |  5.8
Spellcasting   | 2 3 5 6 |  6.9
Armour         | 1 2 4 |  4.5
Maces & Flails | 2 3 5 |  5.2
Transmutations | 1 2 |  2.7
Dodging        | 1 2 |  2.0
Hexes          | 1 2 4 |  4.4
Throwing       | |  0.4
Shields        | |  1.2
Charms         | |  4.1
Necromancy     | |  0.1
Translocations | |  0.1
Evocations     | |  1.1

Action                   |  1- 3 |  4- 6 |  7- 9 | 10-12 || total
-------------------------+-------+-------+-------+-------++-------
Melee: Mace              |    82 |   106 |   243 |    45 ||   476
Throw: Javelin           |     2 |     4 |     2 |       ||     8
       Dart              |       |       |    10 |       ||    10
 Cast: Sting             |    48 |   138 |   202 |    27 ||   415
       Confusing Touch   |       |       |    27 |     4 ||    31
       Infusion          |       |       |     9 |       ||     9
       Regeneration      |       |       |     5 |       ||     5
       Ignite Poison     |       |       |     3 |       ||     3
       Shroud of Golubri |       |       |     4 |       ||     4
Invok: Sacrifice Love    |       |       |     1 |       ||     1
 Abil: Dig               |     1 |     1 |     5 |       ||     7
Evoke: Wand              |       |       |     5 |     1 ||     6
  Use: Scroll            |     7 |     5 |     8 |       ||    20
       Potion            |       |     2 |     2 |     2 ||     6
 Stab: Sleeping          |     1 |       |     2 |     1 ||     4
       Confused          |       |       |     8 |     3 ||    11
       Distracted        |       |       |     1 |       ||     1
  Eat: Chunk             |     8 |    12 |     9 |     2 ||    31
       Ration            |       |     2 |     5 |       ||     7
Armor: Robe              |    28 |    21 |       |       ||    49
       Skin              |       |     4 |     7 |       ||    11
       Leather armour    |       |     3 |    74 |     7 ||    84
Dodge: Dodged            |    49 |   121 |   181 |    27 ||   378

Table legend:
 A = Non-vault XP
 B = Vault XP
 C = Vault XP percentage of total XP
 D = Non-vault monster count
 E = Vault monster count
 F = Vault count percentage of total count
                 A         B        C        D         E       F
            +---------+---------+-------+---------+---------+-------
      Total |    3911 |     962 |  19.7 |     156 |      21 |  11.9
            +---------+---------+-------+---------+---------+-------
        D:1 |      48 |       7 |  12.7 |      29 |       4 |  12.1
        D:2 |      34 |       2 |   5.6 |      10 |       2 |  16.7
        D:3 |     182 |      36 |  16.5 |      27 |       1 |   3.6
        D:4 |     175 |       0 |   0.0 |      12 |       0 |   0.0
        D:5 |     419 |       0 |   0.0 |      21 |       0 |   0.0
        D:6 |     420 |       0 |   0.0 |      14 |       0 |   0.0
        D:7 |     468 |       0 |   0.0 |      13 |       0 |   0.0
        D:8 |     396 |       0 |   0.0 |      10 |       0 |   0.0
        D:9 |    1397 |     917 |  39.6 |      15 |      14 |  48.3
       D:10 |     372 |       0 |   0.0 |       5 |       0 |   0.0
            +---------+---------+-------+---------+---------+-------
